 Dungeon Crawl Stone Soup version 0.31-a0-931-g7b59d4eb97 (webtiles) character file.

Game seed: 5076566117994044676

135732 BinkBink the Marksspriggan (level 16, -9/87 (90) HPs)
             Began as a Spriggan Hunter on Oct 19, 2023.
             Was the Champion of Wu Jian.
             Shot with an arrow by a deep elf archer (17 damage)
             ... on level 2 of the Elven Halls.
             The game lasted 01:02:11 (26666 turns).

BinkBink the Marksspriggan (Spriggan Hunter)       Turns: 26666, Time: 01:02:11

HP:   -9/87 (90)    AC:  4    Str:  7    XL:     16   Next: 65%
MP:   17/17         EV: 39    Int: 14    God:    Wu Jian [******]
Gold: 1908          SH:  5    Dex: 29    Spells: 15/15 levels left

rFire   . . .        m - +10 arbalest of Hospitality {elec, rPois}
rCold   . . .        (shield currently unavailable)
rNeg    + . .        J - +0 troll leather armour
rPois   +            (helmet restricted)
rElec   .            C - +0 cloak "Aplao" {Int+2}
rCorr   .            (gloves unavailable)
SInv    +            (boots unavailable)
Will    +++..        x - amulet of reflection
Stlth   ++++++       R - ring "Humo" {Fly rN+ SInv}
HPRegen 1.14/turn    s - ring "Ecyvuyvo" {EV+5 Dex+4}
MPRegen 0.15/turn

%: reflection
@: silenced, flying, lightly drained, very quick
A: very small, no large weapons, unfitting armour, see invisible, speed 3,
strong-willed 1
a: Renounce Religion, Wall Jump


You were on level 2 of the Elven Halls.
You worshipped Wu Jian.
Wu Jian was exalted by your worship.
You visited 6 branches of the dungeon, and saw 23 of its levels.

You collected 2704 gold pieces.
You spent 796 gold pieces at shops.

Inventory:

Hand Weapons
 b - a +7 shortbow of freezing
 m - the +10 arbalest of Hospitality (weapon) {elec, rPois}
   (You found it on level 5 of the Dungeon)

   rPois:     It protects you from poison
Missiles
 F - 6 throwing nets
Armour
 C - the +0 cloak "Aplao" (worn) {Int+2}
   (You found it on level 2 of the Lair of Beasts)

   Int+2:     It affects your intelligence (+2).
 J - a +0 troll leather armour (worn)
Jewellery
 a - a ring of poison resistance
 e - an amulet of regeneration
 p - a +6 ring of dexterity
 s - the ring "Ecyvuyvo" (right hand) {EV+5 Dex+4}
   (You found it on level 1 of the Shoals)

   [ring of evasion]

   EV+5:      It affects your evasion (+5).
   Dex+4:     It affects your dexterity (+4).
 v - a ring of protection from fire
 w - an amulet of magic regeneration
 x - an amulet of reflection (around neck)
 z - a ring of protection from cold
 A - a ring of willpower
 I - a ring of positive energy
 R - the ring "Humo" (left hand) {Fly rN+ SInv}
   (You bought it in a shop on level 1 of the Orcish Mines)

   [ring of flight]

   rN+:       It protects you from negative energy.
   SInv:      It lets you see invisible.
   Fly:       It grants you flight.
Wands
 f - a wand of acid (27)
 k - a wand of charming (11)
 y - a wand of mindburst (25)
 D - a wand of roots (15)
 E - a wand of digging (12)
 H - a wand of polymorph (5)
Scrolls
 d - a scroll of poison
 g - 4 scrolls of immolation
 h - a scroll of vulnerability
 j - 3 scrolls of silence
 r - 3 scrolls of fog
 u - 2 scrolls of enchant armour
 G - 5 scrolls of revelation
 K - 2 scrolls of amnesia
 N - 4 scrolls of identify
 P - 4 scrolls of enchant weapon
Potions
 c - 2 potions of magic
 i - 2 potions of might
 l - 2 potions of enlightenment
 n - 2 potions of brilliance
 o - 2 potions of mutation
 q - 14 potions of curing
 t - 2 potions of heal wounds
 B - 3 potions of cancellation


   Skills:
 + Level 12.8 Fighting
 * Level 20.8 Ranged Weapons
 - Level 5.0 Armour
 + Level 14.7 Dodging
 + Level 17.1 Stealth


You had 15 spell levels left.
You didn't know any spells.
Your spell library contained the following spells:

 Spells                   Type           Power      Damage    Failure   Level
 Freeze                   Ice            0%         1d3       38%         1
 Magic Dart               Conj           0%         1d3       38%         1
 Necrotise                Necr           0%         1d4       38%         1
 Shock                    Conj/Air       0%         1d3       38%         1
 Cigotuvi's Dreadful Rot  Necr/Pois/Air  0%         N/A       52%         2
 Poisonous Vapours        Pois/Air       0%         N/A       52%         2
 Searing Ray              Conj           0%         2d4       52%         2
 Frozen Ramparts          Ice            0%         1d1       77%         3
 Hailstorm                Conj/Ice       0%         3d3       77%         3
 Ignite Poison            Fire/Tmut/Pois 0%         N/A       77%         3
 Inner Flame              Hex/Fire       0%         N/A       77%         3
 Mephitic Cloud           Conj/Pois/Air  0%         N/A       77%         3
 Swiftness                Air            0%         N/A       77%         3
 Tukima's Dance           Hex            0%         N/A       77%         3
 Vampiric Draining        Necr           0%         2d6       77%         3
 Volatile Blastmotes      Fire/Tloc      0%         2d10      77%         3
 Airstrike                Air            0%         2d(0-16)  99%         4
 Fulminant Prism          Conj/Hex       0%         3d5       99%         4
 Iskenderun's Mystic Bla  Conj/Tloc      0%         2d3       99%         4
 Passage of Golubria      Tloc           0%         N/A       99%         4
 Petrify                  Tmut/Erth      0%         N/A       99%         4
 Agony                    Necr           0%         N/A       100%        5
 Freezing Cloud           Conj/Ice/Air   0%         6-21      100%        5
 Metabolic Englaciation   Hex/Ice        0%         N/A       100%        5
 Yara's Violent Unravell  Hex/Tmut       0%         3d3       100%        5
 Enfeeble                 Hex            0%         N/A       100%        7


Dungeon Overview and Level Annotations

Branches:
Dungeon (10/15)            Temple (1/1) D:7            Lair (5/5) D:8
 Shoals (3/4) Lair:3        Snake (0/4) Lair:3        Slime (0/5) Lair:5
    Orc (2/2) D:10            Elf (2/3) Orc:2

Altars:
Ashenzari
Cheibriados
Dithmenos
Elyvilon
Fedhas
Gozag
Hepliaklqana
Kikubaaqudgha
Makhleb
Nemelex Xobeh
Okawaru
Qazlal
Ru
Sif Muna
Trog
Uskayaw
Vehumet
Wu Jian
Xom
Yredelemnul
Zin
The Shining One
Jiyva

Shops:
Orc:1 =   Orc:2 **[(

Annotations:
D:5 1 runed translucent door, Crazy Yiuf
D:7 2 runed translucent doors, dertzug's ghost, novice DrSh
D:10 3 runed translucent doors, temujin's ghost, journeyman DECj
Shoals:2 1 runed translucent door, Ytibbon's ghost, adept FoFi
Orc:2 3 runed translucent doors, Ihe Jez's ghost, journeyman HOMo
Elf:1 2 runed translucent doors, Lyqeoboorr's ghost, adept MiFi


Innate Abilities, Weirdness & Mutations

You are very small and have problems with some larger weapons.
You are too small for most types of armour.
You have supernaturally acute eyesight. (SInv)
You cover ground extremely quickly. (Speed+++)
You are strong-willed. (Will+)


Message History

There is an open door here.
Magic scrolls do not work when you're silenced!
You feel much better.
The +3 trident of flaming completely misses you.
The deep elf blademaster completely misses you. x2
The +3 trident of flaming completely misses you.
The +3 trident of flaming attacks as it pursues you!
The +3 trident of flaming hits you from afar!
* * * LOW HITPOINT WARNING * * *
The +3 trident of flaming burns you.
* * * LOW HITPOINT WARNING * * *
Things that are here:
a +0 long sword; a +0 leather armour
There is an open door, spattered with blood here.
Things that are here:
a +0 short sword; a +0 buckler
There is an open door here.
The deep elf archer shoots an arrow.
The arrow completely misses you.
The deep elf archer shoots an arrow.
You block the arrow with an invisible shield... and reflect it back!
The arrow barely misses the deep elf archer.
The deep elf archer shoots an arrow.
The arrow closely misses you.
The arrow completely misses the deep elf blademaster.
The arrow closely misses the +3 trident of flaming.
There is an open door here.
The deep elf archer unwields a +0 shortbow.
The deep elf archer wields a +0 long sword.
The deep elf archer completely misses you.
Things that are here:
a +0 long sword; a +0 scale mail The deep elf death mage hits you with a +1 war axe of freezing!
* * * LOW HITPOINT WARNING * * *
The deep elf death mage freezes you.
* * * LOW HITPOINT WARNING * * *
There is an open door here.
You see here a +2 heavy scimitar.
The deep elf archer unwields a +0 long sword.
The deep elf archer wields a +0 shortbow.
The deep elf archer shoots an arrow.
The arrow hits you!
You die...

##.###.#
##.##'###
##(#...#
###e...#
#..eee.#
###....#
###.[#
#)## #@#
#.# #.#
#.# #.#
#.# #.#
#.# #e#


You could see a deep elf blademaster, a deep elf death mage and a deep elf
archer (repels missiles).

Vanquished Creatures
  Polyphemus (Shoals:2)
  Ilsuiw (Shoals:2)
  A deep elf sorcerer (Elf:1)
  An orc warlord (Orc:2)
  A deep elf demonologist (Elf:1)
  Azrael (Elf:2)
  2 merfolk impalers
  A merfolk javelineer (Shoals:2)
  A deep elf high priest (Elf:2)
  A deep elf death mage (Elf:1)
  8 hydras
  A catoblepas (Shoals:2)
  A centaur warrior (D:10)
  13 dancing weapons
  2 two-headed ogres
  4 death yaks
  2 merfolk aquamancers
  2 orc high priests (Orc:2)
  A sun demon (D:9)
  7 deep elf knights
  A sixfirhy (D:9)
  7 sea snakes
  10 skysharks
  An arcanist (D:10)
  11 deep elf archers
  Pikel (D:4)
  3 harpies (Shoals:2)
  2 orc sorcerers (Orc:2)
  3 orc knights (Orc:2)
  18 deep elf zephyrmancers
  20 deep elf pyromancers
  A cyclops (D:9)
  2 oklob plants (Lair:5)
  6 merfolk sirens
  3 manticores
  24 elephants
  4 black mambas
  2 water nymphs
  A rust devil (D:9)
  Maurice (D:9)
  12 cane toads
  An orange demon (D:9)
  A torpor snail (Lair:5)
  Maggie (D:7)
  A rime drake (Lair:2)
  8 komodo dragons
  4 polar bears
  7 hornets
  A wind drake (Shoals:3)
  A troll (D:10)
  2 hellwings (D:9)
  22 merfolk
  35 blink frogs
  3 snapping turtles
  11 dream sheep
  Sigmund (D:4)
  8 water elementals
  13 spriggans (Lair:5)
  A shadow (D:10)
  3 air elementals
  2 wraiths
  6 wyverns
  37 yaks
  A human (D:10)
  8 fire elementals
  4 basilisks
  Grum (D:9)
  2 steam dragons
  3 wargs
  Menkaure (D:4)
  Edmund (D:3)
  Duvessa (D:3)
  30 water moccasins
  4 ice beasts
  27 orc warriors
  A sky beast (D:8)
  13 black bears
  9 ogres
  39 wolves
  3 boggarts (Lair:5)
  A centaur (D:5)
  2 lemures (D:3)
  A kobold brigand (D:7)
  A phantom (D:6)
  15 bullfrogs
  A gnoll sergeant (D:10)
  4 scorpions
  22 wights
  Dowan (D:3)
  11 killer bees
  A howler monkey (D:6)
  A crimson imp (D:10)
  2 quasits (D:9)
  3 hounds
  19 orc priests
  A sleepcap (D:6)
  A gnoll bouda (D:6)
  5 jellies
  Natasha (thrice) (D:4)
  2 iguanas
  24 orc wizards
  Robin (D:4)
  16 gnolls
  5 adders
  2 white imps
  2 ufetubi (D:6)
  A worm (D:2)
  2 dart slugs (D:1)
  99 orcs
  9 bats
  6 endoplasms
  6 giant cockroaches
  20 goblins
  11 hobgoblins
  4 jackals
  7 quokkas
  2 ball pythons (D:3)
  4 frilled lizards
  9 kobolds
  4 rats
833 creatures vanquished.

Vanquished Creatures (collateral kills)
  A yak (Lair:1)
  2 wolves (Lair:1)
3 creatures vanquished.

Vanquished Creatures (others)
  2 deep elf knights
  A deep elf pyromancer (Elf:1)
  A hornet (Lair:5)
4 creatures vanquished.

Grand Total: 840 creatures vanquished

Notes
Turn   | Place    | Note
-------+----------+-------------------------------------------
     0 | D:1      | BinkBink the Spriggan Hunter began the quest for the Orb.
     0 | D:1      | Reached XP level 1. HP: 10/10 MP: 2/2
   184 | D:1      | Reached XP level 2. HP: 8/15 MP: 3/3
   594 | D:1      | Reached XP level 3. HP: 18/18 MP: 4/4
  1055 | D:2      | Reached skill level 5 in Ranged Weapons
  1126 | D:2      | Found a faded altar of an unknown god.
  1251 | D:2      | Prayed at the altar of an unknown god.
  1251 | D:2      | Became a worshipper of the Wu Jian Council
  1251 | D:2      | Reached * piety under Wu Jian
  1356 | D:2      | Reached XP level 4. HP: 23/23 MP: 5/5
  2326 | D:3      | Identified the +8 trident of Boiheid {venom, rElec}
  2740 | D:4      | Noticed Natasha
  2746 | D:4      | Killed Natasha
  2747 | D:4      | Reached XP level 5. HP: 18/28 MP: 6/6
  2775 | D:4      | Noticed Natasha
  2779 | D:4      | Killed Natasha
  2780 | D:4      | Reached skill level 6 in Ranged Weapons
  2849 | D:4      | Reached ** piety under Wu Jian
  2857 | D:4      | Noticed Dowan
  2894 | D:4      | Noticed Natasha
  2903 | D:4      | Killed Natasha
  2904 | D:4      | Reached XP level 6. HP: 22/32 MP: 7/7
  2930 | D:4      | Noticed Duvessa
  2998 | D:4      | Noticed Robin
  3014 | D:4      | Noticed Sigmund
  3015 | D:4      | Noticed Edmund
  3187 | D:4      | Noticed Pikel
  3386 | D:4      | Killed Sigmund
  3387 | D:4      | Reached skill level 7 in Ranged Weapons
  3518 | D:4      | Reached XP level 7. HP: 37/37 MP: 8/8
  3668 | D:3      | Killed Edmund
  3736 | D:4      | Noticed Menkaure
  3909 | D:3      | Killed Duvessa
  3910 | D:3      | Reached skill level 8 in Ranged Weapons
  3923 | D:3      | Killed Dowan
  4192 | D:4      | Killed Pikel
  4193 | D:4      | Reached skill level 5 in Fighting
  4193 | D:4      | Reached skill level 9 in Ranged Weapons
  4193 | D:4      | Reached XP level 8. HP: 34/43 MP: 9/9
  4207 | D:4      | Killed Robin
  4295 | D:5      | Entered Level 5 of the Dungeon
  4441 | D:5      | Reached *** piety under Wu Jian
  4471 | D:4      | Killed Menkaure
  4547 | D:4      | Identified 2 scrolls of acquirement
  4552 | D:4      | Acquired a +6 shortbow of freezing
  4553 | D:4      | Acquired 668 gold pieces
  4593 | D:5      | Reached skill level 10 in Ranged Weapons
  4861 | D:5      | Reached XP level 9. HP: 48/48 MP: 10/10
  4921 | D:5      | Found a runed translucent door.
  4922 | D:5      | Noticed Crazy Yiuf
  5007 | D:5      | Identified the +10 arbalest of Hospitality {elec, rPois}
  5350 | D:6      | Reached skill level 11 in Ranged Weapons
  5362 | D:6      | Identified the +4 shortbow of Feam Ria {speed, *Slow Fly
                  | rElec Str+8}
  5752 | D:6      | Reached **** piety under Wu Jian
  5901 | D:6      | Reached skill level 12 in Ranged Weapons
  6053 | D:7      | Found a large runed translucent door.
  6053 | D:7      | Found a large runed translucent door.
  6165 | D:7      | Found a staircase to the Ecumenical Temple.
  6177 | Temple   | Entered the Ecumenical Temple
  6436 | D:7      | Reached XP level 10. HP: 55/55 MP: 11/11
  6467 | D:7      | Noticed Maggie
  6491 | D:7      | Killed Maggie
  6916 | D:7      | Noticed dertzug's ghost (novice DrSh)
  7388 | D:8      | Noticed a two-headed ogre
  7394 | D:8      | Reached skill level 13 in Ranged Weapons
  7423 | D:8      | Killed a two-headed ogre
  8242 | D:8      | Found a staircase to the Lair.
  8254 | D:8      | Reached skill level 14 in Ranged Weapons
  9110 | D:9      | Noticed a rust devil
  9156 | D:9      | Killed a rust devil
  9157 | D:9      | Reached XP level 11. HP: 60/60 MP: 12/12
  9417 | D:9      | Noticed a sixfirhy
  9605 | D:9      | Noticed Maurice
  9612 | D:9      | Killed Maurice
  9612 | D:9      | Reached ***** piety under Wu Jian
  9630 | D:9      | Noticed Grum
  9676 | D:9      | Killed Grum
  9764 | Gauntlet | Identified the "Eblalam"
  9764 | Lair:1   | Entered Level 1 of the Lair of Beasts
  9959 | Lair:1   | Found a glowing silver altar of Zin.
 10210 | Lair:1   | Reached skill level 15 in Ranged Weapons
 10306 | Lair:1   | Reached skill level 5 in Stealth
 10317 | Lair:1   | Reached skill level 5 in Dodging
 10352 | Lair:1   | Gained mutation: You are strong-willed. (Will+) [potion of
                  | mutation]
 10353 | Lair:1   | HP: 3/62 [wolf (11)]
 10874 | Lair:1   | Reached XP level 12. HP: 67/67 MP: 13/13
 11559 | Lair:2   | Noticed a six-headed hydra
 11568 | Lair:2   | Killed a six-headed hydra
 11997 | Lair:2   | Reached skill level 16 in Ranged Weapons
 12344 | Lair:2   | Identified the +0 cloak "Aplao" {Int+2}
 12376 | Lair:2   | Noticed a death yak
 12376 | Lair:2   | Noticed a seven-headed hydra
 12398 | Lair:2   | Killed a seven-headed hydra
 12415 | Lair:2   | Killed a death yak
 12416 | Lair:2   | Reached skill level 10 in Fighting
 12570 | Lair:2   | Reached ****** piety under Wu Jian
 12682 | Lair:2   | Reached skill level 10 in Stealth
 12855 | Lair:2   | Reached XP level 13. HP: 72/72 MP: 14/14
 13076 | Lair:3   | Reached skill level 17 in Ranged Weapons
 13889 | Lair:3   | Found a staircase to the Snake Pit.
 14165 | Lair:3   | Found a staircase to the Shoals.
 14721 | Lair:4   | Reached skill level 10 in Dodging
 15629 | D:10     | Entered Level 10 of the Dungeon
 15710 | D:10     | Found a runed translucent gate.
 15710 | D:10     | Found a runed translucent gate.
 15710 | D:10     | Found a runed translucent gate.
 15711 | D:10     | Noticed temujin's ghost (journeyman DECj)
 16090 | D:10     | Found a staircase to the Orcish Mines.
 16288 | D:10     | Found a hide-covered altar of Uskayaw.
 16406 | D:10     | Found a viscous altar of Jiyva.
 16555 | Orc:1    | Entered Level 1 of the Orcish Mines
 16748 | Orc:1    | Found Jyegeaj's Jewellery Shop.
 16748 | Orc:1    | You fall into a shaft and drop 1 floor!
 16748 | Orc:2    | Entered Level 2 of the Orcish Mines
 16821 | Orc:2    | Found a staircase to the Elven Halls.
 16878 | Orc:2    | Reached skill level 1 in Armour
 16935 | Orc:1    | Bought the ring "Humo" {Fly rN+ SInv} for 427 gold pieces
 17098 | Orc:2    | Reached skill level 18 in Ranged Weapons
 17098 | Orc:2    | Reached XP level 14. HP: 79/79 MP: 15/15
 17345 | Orc:2    | Noticed an orc warlord
 17382 | Orc:2    | Killed an orc warlord
 17452 | Orc:2    | Found Kiof's Assorted Antiques.
 17461 | Orc:2    | Bought a tourmaline ring for 155 gold pieces
 17497 | Orc:2    | Found a runed translucent gate.
 17499 | Orc:2    | Found a runed translucent gate.
 17499 | Orc:2    | Found a runed translucent gate.
 17499 | Orc:2    | Noticed Ihe Jez's ghost (journeyman HOMo)
 17906 | Orc:2    | Found Nefruf's Assorted Antiques.
 17985 | Orc:2    | Found Fefuduh's Antique Armour Emporium.
 17989 | Orc:2    | Found Morrejye's Antique Weapon Shoppe.
 17996 | Orc:2    | Bought a brightly glowing sling for 214 gold pieces
 17996 | Orc:2    | Identified the +7 sling of Crystal {flame, Str+4 Dex+3
                  | SInv} (You bought it in a shop on level 2 of the Orcish
                  | Mines)
 18945 | Lair:5   | Entered Level 5 of the Lair of Beasts
 19781 | Lair:5   | Reached skill level 19 in Ranged Weapons
 19845 | Lair:5   | Found a staircase to the Slime Pits.
 19853 | Lair:5   | Reached XP level 15. HP: 83/83 MP: 16/16
 20205 | Shoals:1 | Entered Level 1 of the Shoals
 20438 | Shoals:1 | Identified the ring "Ecyvuyvo" {EV+5 Dex+4}
 21004 | Shoals:2 | Noticed Ilsuiw
 21035 | Shoals:2 | Noticed Polyphemus
 21595 | Shoals:2 | Killed Polyphemus
 21949 | Shoals:2 | Reached skill level 15 in Stealth
 22432 | Shoals:2 | Found a runed translucent door.
 22432 | Shoals:2 | Found a shimmering altar of Xom.
 22432 | Shoals:2 | Noticed Ytibbon's ghost (adept FoFi)
 22901 | Shoals:2 | Killed Ilsuiw
 23475 | Desolati | Identified the "Hyupufiq"
 23475 | Desolati | Identified the "Xyope"
 23475 | Desolati | Identified the of Gaij
 23475 | Vaults:3 | Identified the "Yfi Xoul"
 23475 | Vaults:3 | Identified the "Toghaust"
 23475 | Crypt:3  | Identified the "Ebajom"
 23475 | Elf:1    | Entered Level 1 of the Elven Halls
 23479 | Elf:1    | Reached skill level 5 in Armour
 24410 | Elf:1    | Reached skill level 20 in Ranged Weapons
 24521 | Elf:1    | Found a large runed translucent door.
 24523 | Elf:1    | Found a large runed translucent door.
 24525 | Elf:1    | Noticed Lyqeoboorr's ghost (adept MiFi)
 24525 | Elf:1    | Found the amulet of the Air {Inacc Air Fly rElec RMsl}
 24562 | Elf:1    | Reached XP level 16. HP: 89/89 MP: 17/17
 25611 | Elf:2    | Noticed Azrael
 25633 | Elf:2    | Killed Azrael
 25967 | Elf:2    | Found a runed translucent gate.
 25968 | Elf:2    | Found a runed translucent gate.
 25968 | Elf:2    | Found a runed translucent gate.
 26512 | Elf:2    | Noticed a deep elf blademaster
 26637 | Elf:2    | HP: 1/87 [deep elf blademaster/+0 rapier (10)]
 26666 | Elf:2    | Shot with an arrow by a deep elf archer

Illustrated notes

Levels and vault maps discovered:
D:1:      matt_arrival_refuge, layout_loops_corners
D:2:      layout_basic, shapermc_ecumenical_altar_acropolis,
          minmay_misc_feat_tower
D:3:      minmay_inner_zag, layout_basic, serial_bayou_ford_a
D:4:      layout_cave_pools, uniq_pikel, uniq_sigmund, uniq_duvessa,
          uniq_menkaure, uniq_natasha, uniq_robin, uniq_edmund
D:5:      layout_basic, uniq_crazy_yiuf_cottage
D:6:      minmay_angry_zag, layout_gridville
D:7:      nicolae_cairo_tiling_large_dashed, layout_basic, temple_statues,
          ebering_ghost_disaster_area, uniq_maggie
D:8:      layout_basic, minmay_lair_entry_grove
D:9:      nicolae_hitomezashi [nicolae_hito_row, nicolae_hito_row,
          nicolae_hito_row, nicolae_hito_row, nicolae_hito_row,
          nicolae_hito_row, nicolae_hito_row, nicolae_hito_row,
          nicolae_hito_row, nicolae_hito_row, nicolae_hito_row,
          nicolae_hito_row, nicolae_hito_row, nicolae_hito_row,
          nicolae_hito_row, nicolae_hito_row, nicolae_hito_row,
          nicolae_hito_row], layout_basic, serial_demonic, serial_demonic_e,
          serial_demonic_c, serial_demonic_f, serial_demonic_g, minivault_20,
          uniq_grum, uniq_maurice
D:10:     layout_stronghold, nicolae_uskayaw_dance_hall, erik_orc_4,
          gammafunk_ghost_ooze, grunt_ministairs_10, lightli_wizard_tower
Temple:   mainiacjoe_temple_starburst
Lair:1:   layout_roguey, basic_altar, beast_lair_carwin_8
Lair:2:   layout_gridlike, minmay_shattered_shrine
Lair:3:   layout_chaotic_city, elwin_shoals_entry_stream,
          minmay_snake_entry_six_corridors
Lair:4:   layout_hall_layers, hangedman_lair_unloving_vines,
          infiniplex_staircase_pool
Lair:5:   minmay_lair_end_enchanted_forest, layout_loops_ring,
          minmay_slime_entry_oklob_open
Shoals:1: layout_shoals
Shoals:2: layout_shoals, ebering_ghost_xom, nicolae_shoals_lost_giant_hut,
          uniq_ilsuiw, uniq_polyphemus
Shoals:3: layout_shoals
Orc:1:    layout_caves, serial_shops, shop, mines2_david
Orc:2:    grunt_orc_community_town_hall, layout_diamond_mine,
          grunt_orc_community_big_house_2, grunt_orc_community_big_house_1,
          grunt_orc_community_house_2, grunt_orc_community_house_2,
          grunt_orc_community_house_3, grunt_orc_community_house_1,
          grunt_orc_community_house_2, ebering_ghost_rock_garden, mines2_lemuel
Elf:1:    elf_arrival_001, layout_geoelf_grid, ebering_ghost_disaster_area,
          serial_sigils, serial_sigils_hangedman_writhe,
          serial_sigils_hangedman_shear, serial_sigils_hangedman_clutch,
          serial_sigils_hangedman_gut, serial_sigils_hangedman_gut,
          serial_sigils_hangedman_gut
Elf:2:    nicolae_elf_blades_crystal_corner, layout_geoelf_grid,
          kennysheep_underground_church, uniq_azrael

Skill      XL: |  1  2  3  4  5  6  7  8  9 10 11 12 13 14 15 16 |
---------------+-------------------------------------------------+-----
Fighting       | 2 3 5 7 8 9 10 11 12 | 12.8
Ranged Weapons | 5 6 7 9 10 12 14 15 16 18 19 20 | 20.8
Stealth        | 6 10 12 14 15 17 | 17.1
Dodging        | 6 8 10 12 13 14 | 14.7
Armour         | 1 3 5 |  5.0

Action                     |  1- 3 |  4- 6 |  7- 9 | 10-12 | 13-15 | 16-18 || total
---------------------------+-------+-------+-------+-------+-------+-------++-------
  Melee: Arbalest          |       |       |       |       |       |     1 ||     1
   Fire: Shortbow          |   113 |   198 |   399 |   534 |       |       ||  1244
         Arbalest          |       |       |       |   163 |  1156 |   237 ||  1556
 Invoke: Heavenly Storm    |       |       |       |       |     1 |       ||     1
Ability: Wall Jump         |       |       |       |       |       |     1 ||     1
    Use: Scroll            |       |       |    17 |     6 |     9 |     1 ||    33
         Potion            |       |       |       |     6 |     2 |     3 ||    11
 Armour: Robe              |    17 |    36 |    40 |    50 |     4 |       ||   147
         Troll leather arm |       |       |       |       |    82 |    47 ||   129
  Dodge: Dodged            |    33 |    61 |    93 |    98 |   261 |   134 ||   680
  Block: Other             |       |       |     6 |    34 |    47 |    17 ||   104
         Reflection        |       |       |       |       |     5 |     4 ||     9

Table legend: (Time is in decaauts)
 A = Elapsed time spent in this place.
 B = Non-inter-level travel time spent in this place.
 C = Inter-level travel time spent in this place.
 D = Time resting spent in this place.
 E = Time spent auto-exploring this place.
 F = Levels seen in this place.
 G = Mean time per level.
                   A        B        C        D        E       F      G
               +--------+--------+--------+--------+--------+-----+--------+
         Total |  20227 |  19102 |   1125 |   5667 |   8873 |  23 |  879.4 |
       Dungeon |   8256 |   7769 |    487 |   1310 |   4571 |  10 |  825.6 |
        Temple |     75 |      0 |     75 |      0 |      0 |   1 |   75.0 |
          Lair |   5544 |   5263 |    281 |   1809 |   2257 |   5 | 1108.8 |
        Shoals |   2386 |   2264 |    122 |    791 |    909 |   3 |  795.3 |
  Orcish Mines |   1277 |   1152 |    125 |    261 |    541 |   2 |  638.5 |
   Elven Halls |   2687 |   2656 |     31 |   1495 |    593 |   2 | 1343.5 |
               +--------+--------+--------+--------+--------+-----+--------+

Top non-repeatable levels by time:
   Elf:1: 1723 daAuts
Shoals:2: 1548 daAuts
     D:8: 1505 daAuts
  Lair:1: 1425 daAuts
  Lair:3: 1377 daAuts
     D:3: 1273 daAuts
  Lair:2: 1270 daAuts
   Orc:2: 1070 daAuts
     D:9: 967 daAuts
   Elf:2: 964 daAuts
  Lair:5: 822 daAuts
     D:7: 812 daAuts
     D:4: 750 daAuts
    D:10: 662 daAuts
  Lair:4: 648 daAuts
